AoeStats
← 小尚

Arena

510390970Analyzed
4v4 RM · 1d ago on Sep 30, 2026· 57m 52s· 8 players
Game mode
Random Map
Map size
Large (8 player)
Population
200
Speed
Normal
Resources
Standard
Victory
Conquest
Starting age
Dark Age
Ending age
Imperial Age
RankedLock teamsTeams togetherTeam positionsShared explorationLock speedFull tech treeHidden civsTurbo modeCheats
Victory
Defeat
🇫🇮 Romans · Finland
1194
+15
🇫🇮 Goths · Finland
1181
+16
🇪🇸 Franks · Spain
1154
+17
🇦🇷 Japanese · Argentina
1132
+18
🇲🇹 Dravidians · Malta
1214
-17
🇨🇳 Koreans · China
1210
-18
🇺🇸 Japanese · United States
1192
-17
🇹🇼 Cumans · Taiwan
1106
-14
Ace
0:58 Loom
3:18 Loom
11:41 Feudal Age
12:58 Double-Bit Axe
16:05 Castle Age
14:17 Stone Mining
14:29 Gold Mining
18:01 Bow Saw
26:49 Scale Barding Armor
26:55 Forging
28:00 Chain Barding Armor
27:50 Forging
28:19 Wheelbarrow
28:26 Husbandry
33:20 Imperial Age
31:39 Hand Cart
32:02 Iron Casting
35:33 Plate Barding Armor
35:58 Blast Furnace
34:21 Cavalier
36:14 Paladin
38:44 Padded Archer Armor
38:34 Fletching
39:07 Ballistics
38:32 Treadmill Crane
39:40 Elite Skirmisher
45:59 Conscription
47:15 Bodkin Arrow
47:36 Leather Archer Armor
50:30 Chemistry
49:35 Siege Engineers
49:27 Murder Holes
Teukka
12:47 Feudal Age
16:43 Castle Age
14:39 Double-Bit Axe
14:35 Horse Collar
15:40 Wheelbarrow
21:50 Gold Mining
23:03 Stone Mining
24:17 Forging
24:21 Bow Saw
24:50 Hand Cart
25:30 Heavy Plow
26:04 Squires
29:20 Imperial Age
27:57 Iron Casting
27:23 Scale Mail Armor
27:36 Masonry
28:34 Ballistics
28:10 Fletching
27:43 Pikeman
27:54 Man-at-Arms
29:47 Chain Mail Armor
28:55 Long Swordsman
29:29 Town Watch
29:29 Loom
29:57 Anarchy
29:39 Two-Handed Swordsman
30:41 Conscription
31:24 Blast Furnace
31:15 Crop Rotation
31:49 Two-Man Saw
30:29 Champion
31:33 Perfusion
35:34 Halberdier
35:36 Elite Skirmisher
35:38 Crossbowman
36:17 Bodkin Arrow
36:22 Padded Archer Armor
37:15 Bracer
37:54 Capped Ram
37:58 Elite Huskarl
43:00 Leather Archer Armor
44:16 Scale Barding Armor
44:41 Ring Archer Armor
54:21 Sappers
57:32 Spies/Treason
Ana
11:38 Feudal Age
15:48 Castle Age
13:20 Man-at-Arms
14:53 Double-Bit Axe
15:15 Horse Collar
20:36 Scale Mail Armor
21:33 Forging
28:42 Loom
29:36 Wheelbarrow
31:21 Bow Saw
31:17 Heavy Plow
31:43 Hand Cart
32:08 Gold Mining
35:48 Imperial Age
33:16 Stone Mining
34:04 Gold Shaft Mining
35:44 Ballistics
34:47 Long Swordsman
35:28 Squires
36:53 Heavy Scorpion
38:09 Siege Engineers
39:05 Chemistry
39:31 Legionary
40:29 Fortified Wall
41:14 Pikeman
44:19 Chain Mail Armor
44:40 Iron Casting
43:33 Halberdier
45:21 Town Watch
46:06 Caravan
47:37 Blast Furnace
47:08 Ballistas
47:24 Conscription
48:08 Town Patrol
47:31 Capped Ram
48:29 Masonry
48:14 Murder Holes
48:44 Comitatenses
54:44 Siege Ram
56:40 Spies/Treason
NotGG
8:44 Loom
10:30 Feudal Age
8:51 Loom
14:29 Castle Age
13:23 Double-Bit Axe
15:33 Fletching
24:25 Treadmill Crane
29:05 Murder Holes
32:34 Elite Skirmisher
35:26 Ballistics
36:03 Padded Archer Armor
38:56 Wheelbarrow
38:07 Town Watch
52:04 Imperial Age
51:36 Hand Cart
51:21 Town Patrol
51:34 Bow Saw
51:06 Horse Collar
51:22 Stone Mining
51:32 Gold Mining
53:27 Conscription
54:35 Gold Shaft Mining
55:02 Two-Man Saw
54:05 Heavy Plow
proxxi
10:25 Feudal Age
11:37 Double-Bit Axe
14:08 Castle Age
13:19 Horse Collar
15:18 Bow Saw
19:20 Loom
22:56 Wheelbarrow
24:52 Gold Mining
25:43 Fletching
26:04 Heavy Plow
28:54 Imperial Age
27:05 Hand Cart
26:58 Padded Archer Armor
27:17 Bodkin Arrow
28:04 Leather Archer Armor
29:09 Medical Corps
30:38 Chemistry
29:07 Elite Elephant Archer
29:57 Bracer
31:10 Thumb Ring
32:27 Ballistics
38:56 Conscription
40:46 Ring Archer Armor
小尚
10:18 Feudal Age
11:57 Double-Bit Axe
14:55 Castle Age
12:45 Horse Collar
16:35 Wheelbarrow
16:19 Bow Saw
oppppppfpppppp
11:05 Feudal Age
12:27 Double-Bit Axe
12:29 Horse Collar
19:23 Castle Age
20:45 Wheelbarrow
20:29 Bow Saw
21:26 Heavy Plow
28:26 Scale Barding Armor
29:26 Forging
32:55 Murder Holes
33:21 Ballistics
35:43 Imperial Age
Zen_Vampire
10:39 Feudal Age
8:54 Loom
12:19 Double-Bit Axe
14:51 Castle Age
13:37 Horse Collar
14:35 Wheelbarrow
31:01 Imperial Age
31:54 Crossbowman
33:39 Fletching
33:50 Padded Archer Armor
34:08 Arbalester
34:45 Bodkin Arrow
44:18 Pikeman
45:00 Squires
46:14 Gold Mining
46:28 Halberdier
51:17 Bracer
51:33 Leather Archer Armor
51:44 Thumb Ring
52:53 Ring Archer Armor
Connection lost

Rejoining the realm…

Still unreachable

The connection could not be restored.

Session expired

The server has moved on; the page needs a fresh start.